AoeStats
← Hello World

Pilgrims

509262460Analyzed
4v4 RM · 7d ago on Sep 26, 2026· 24m 7s· 8 players
Game mode
Random Map
Map size
Large (8 player)
Population
200
Speed
Normal
Resources
Standard
Victory
Conquest
Starting age
Dark Age
Ending age
Imperial Age
RankedLock teamsTeams togetherTeam positionsShared explorationLock speedFull tech treeHidden civsTurbo modeCheats
Victory
Defeat
🇦🇷 Lithuanians · Argentina
1307
+10
🇹🇼 Koreans · Taiwan
1266
+11
🇦🇺 Varangians · Australia
1117
+17
🇹🇼 Danes · Taiwan
1116
+17
🇺🇸 Tupi · United States
1198
-16
🇲🇽 Britons · Mexico
1187
-15
🇯🇵 Armenians · Japan
1115
-12
🇺🇸 Poles · United States
1108
-12
Hello World
4:42 Loom
12:32 Feudal Age
14:28 Horse Collar
17:48 Castle Age
15:58 Double-Bit Axe
16:30 Stone Mining
LWwcnm
10:37 Feudal Age
12:48 Man-at-Arms
15:35 Loom
21:43 Castle Age
19:38 Gold Mining
20:10 Fletching
mnmoose
9:09 Loom
11:11 Feudal Age
17:48 Castle Age
16:19 Double-Bit Axe
16:15 Horse Collar
17:28 Gold Mining
18:47 Wheelbarrow
18:41 Medium Warships
19:42 Bow Saw
monongahela
4:42 Loom
11:05 Feudal Age
19:10 Castle Age
17:58 Double-Bit Axe
17:54 Champi Runner
19:33 Stone Mining
AZ
7:19 Loom
13:05 Feudal Age
13:43 Double-Bit Axe
15:37 Fishing Lines
16:00 Fletching
20:07 Wheelbarrow
23:36 Castle Age
21:27 Horse Collar
22:33 Scale Mail Armor
22:31 Stone Mining
22:34 Gold Mining
24:10 Gillnets
24:31 Medium Warships
24:17 Bodkin Arrow
Killerbro 44
3:28 Loom
10:46 Feudal Age
15:54 Castle Age
15:33 Forging
16:24 Scale Mail Armor
21:27 Wheelbarrow
21:49 Squires
22:07 Arson
ReBeL_persi
6:53 Loom
12:57 Feudal Age
16:48 Castle Age
15:03 Double-Bit Axe
waitmanshu
3:42 Loom
10:53 Feudal Age
11:29 Double-Bit Axe
16:06 Fletching
16:52 Horse Collar
24:01 Castle Age
24:46 Wheelbarrow
Connection lost

Rejoining the realm…

Still unreachable

The connection could not be restored.

Session expired

The server has moved on; the page needs a fresh start.